 Dungeon Sprint DCSS version 0.23.2-30-g0e89c35649 (webtiles) character file.

Game seed: 1079628527363476630

72204 Baz the Sorcerer (level 15, -3/104 HPs)
             Began as a Deep Elf Air Elementalist on June 25, 2019.
             Was the Champion of Vehumet.
             Slain by Mennas
             ... wielding a +3 trishula of holy wrath
              (5 damage)
             ... in the Dungeon (Sprint IX: "|||||||||||||||||||||||||||||").
             The game lasted 00:24:23 (6325 turns).

Baz the Sorcerer (Deep Elf Air Elementalist)        Turns: 6325, Time: 00:24:24

Health: -3/104     AC: 10    Str:  6    XL:     15   Next: 0%
Magic:  23/43      EV: 18    Int: 26    God:    Vehumet [******]
Gold:   796        SH:  0    Dex: 18    Spells: 3/58 levels left

rFire    . . .     SeeInvis .   m - staff of energy
rCold    . . .     Gourm    .   (no shield)
rNeg     . . .     Faith    .   A - +2 robe {Archmagi}
rPois    .         Spirit   .   a - +1 helmet
rElec    .         Reflect  .   B - +1 cloak
rCorr    .         Harm     .   x - +0 pair of gloves
MR       +....     NoTele   +   b - +0 pair of boots
Stlth    +.........             (no amulet)
HPRegen  0.27/turn              n - +3 ring of dexterity
MPRegen  0.28/turn              o - +2 ring of evasion

@: confused, hasted, glowing, silenced, deflect missiles, very quick
A: no striking features
a: Renounce Religion


You were in the Dungeon.
You worshipped Vehumet.
Vehumet was exalted by your worship.
You were not hungry.

You visited 1 branch You collected 1916 gold pieces.
You spent 1120 gold pieces at shops.

Inventory:

Hand Weapons
 p - a +2 rapier of protection
Armour
 a - a +1 helmet (worn)
 b - a +0 pair of boots (worn)
 x - a +0 pair of gloves (worn)
 A - a +2 robe of the Archmagi (worn)
 B - a +1 cloak (worn)
Magical Staves
 m - an uncursed staff of energy (weapon)
Jewellery
 n - a +3 ring of dexterity (left hand)
 o - a +2 ring of evasion (right hand)
 q - an uncursed ring of fire
Wands
 l - a wand of acid (10)
 y - a wand of random effects (9)
Scrolls
 i - a scroll of blinking
 j - 5 scrolls of remove curse
 t - 2 scrolls of fear
 u - 2 scrolls of enchant armour
 v - 2 scrolls of identify
 w - a scroll of fog
 D - 2 scrolls of enchant weapon
Potions
 d - a potion of invisibility
 e - 9 potions of heal wounds
 g - 3 potions of magic
 h - 4 potions of curing
 r - a potion of brilliance
 s - a potion of berserk rage
 z - a potion of resistance
 C - a potion of might
Comestibles
 c - 8 rations


   Skills:
 + Level 15.9 Fighting
 - Level 5.7 Dodging
 - Level 2.4 Stealth
 - Level 22.3 Spellcasting
 + Level 22.0 Conjurations
 - Level 8.4 Charms
 + Level 21.4 Fire Magic
 - Level 16.0 Air Magic


You had 3 spell levels left.
You knew the following spells:

 Your Spells              Type           Power        Failure   Level  Hunger
a - Shock                 Conj/Air       ####         0%          1    None
b - Freezing Cloud        Conj/Ice/Air   #######...   1%          6    None
c - Swiftness             Chrm/Air       #######.     0%          2    None
d - Lightning Bolt        Conj/Air       ########..   0%          5    None
e - Fire Storm            Conj/Fire      ########..   4%          9    None
f - Fireball              Conj/Fire      ########..   0%          5    None
g - Orb of Destruction    Conj           ########..   1%          7    None
h - Deflect Missiles      Chrm/Air       #######...   1%          6    None
i - Blink                 Tloc           N/A          1%          2    None
j - Poison Arrow          Conj/Pois      #######...   1%          6    None
k - Bolt of Fire          Conj/Fire      ########..   1%          6    None

Your spell library contained the following spells:

 Spells                   Type           Power        Failure   Level  Hunger
 Ignition                 Fire           ########..   1%          8    None
 Lehudib's Crystal Spear  Conj/Erth      #######...   24%         8    None
 Magic Dart               Conj           ####         0%          1    None
 Conjure Flame            Conj/Fire      ########     0%          3    None
 Mephitic Cloud           Conj/Pois/Air  #######.     0%          3    None
 Static Discharge         Conj/Air       ########     0%          3    None
 Call Imp                 Summ           #####...     1%          2    None
 Slow                     Hex            #####...     1%          2    None
 Airstrike                Air            ########..   0%          4    None
 Summon Lightning Spire   Summ/Air       #######.     1%          4    None
 Silence                  Hex/Air        #######...   1%          5    None
 Conjure Ball Lightning   Conj/Air       ########..   1%          6    None
 Tornado                  Air            ########..   41%         9    None


Dungeon Overview and Level Annotations

Branches:
Dungeon (1/1)

Altars:
Cheibriados
Dithmenos
Elyvilon
Fedhas
Gozag
Hepliaklqana
Kikubaaqudgha
Makhleb
Nemelex Xobeh
Okawaru
Qazlal
Ru
Sif Muna
Trog
Uskayaw
Vehumet
Wu Jian
Xom
Yredelemnul
Zin
The Shining One
Beogh
Jiyva
Lugonu

Shops:
D !:%!

Annotations:
D Mennas


Message History

You are confused.
You bump into the unnaturally hard rock wall.
Mennas is engulfed in freezing vapours.
Mennas is engulfed in freezing vapours.
Mennas is engulfed in freezing vapours.
Mennas gestures frantically.
You resist with some effort.
You bump into the unnaturally hard rock wall.
Mennas is engulfed in freezing vapours.
Mennas shakes his head sadly.
Mennas gestures frantically.
Mennas's surroundings become eerily quiet.
Mennas is engulfed in freezing vapours.
Mennas is engulfed in freezing vapours.
Mennas hits you from afar with a +3 trishula of holy wrath! x2
* * * LOW HITPOINT WARNING * * *
You bump into the unnaturally hard rock wall.
Mennas hits you from afar with a +3 trishula of holy wrath!!
* * * LOW HITPOINT WARNING * * *
Mennas hits you from afar with a +3 trishula of holy wrath.
You die...

.▓'▓.▓'▓.▓.▓.▓'▓.▓
.▓.▓.▓.▓.▓.▓.▓.▓.▓
.▓.▓.▓.▓.▓.▓.▓.▓.▓
.▓.▓.▓.▓.▓'▓.▓.▓.▓
.▓.▓.▓.▓.▓.▓.▓.▓.▓
.▓.▓.▓.▓.▓.▓.▓.▓.▓
.▓∩▓.▓.▓.▓.▓.▓.▓.▓
.▓.▓.▓.▓.▓.▓.▓.▓.▓
.▓∩▓.▓.▓.▓.▓.▓.▓@▓
.▓.▓.▓.▓.▓.▓.▓.▓.▓
.▓∩▓.▓[▓.▓.▓.▓.▓A▓
)▓)▓.▓)▓.▓.▓.▓.▓§▓
.▓∩▓.▓)▓.▓†▓.▓.▓§▓
.▓.▓.▓)▓.▓'▓.▓.▓§▓
.▓.▓.▓.▓.♣.♣.▓.▓.▓
.▓(▓.▓)▓.♣.♣.▓.▓.▓
.▓.▓.▓'▓.♣.♣.▓)▓.▓


You could see Mennas.

Vanquished Creatures
  Mara (D)
  Frances (D)
  A thorn hunter (D)
  A storm dragon (D)
  A fire giant (D)
  A nagaraja (D)
  A frost giant (D)
  An ironheart preserver (D)
  7 stone giants (D)
  A vampire knight (D)
  2 dire elephants (D)
  A crystal guardian (D)
  5 ettins (D)
  A fire dragon (D)
  A great orb of eyes (D)
  A yaktaur captain (D)
  4 hydras (D)
  2 rakshasas (D)
  An alligator snapping turtle (D)
  An ice dragon (D)
  A death knight (D)
  A merfolk aquamancer (D)
  5 ogre magi (D)
  An alligator (D)
  A centaur warrior (D)
  A two-headed ogre (D)
  2 deep troll earth magi (D)
  Erica (D)
  Urug (D)
  3 shock serpents (D)
  Sonja (D)
  A sea snake (D)
  A shadow wraith (D)
  4 deep trolls (D)
  A deep elf archer (D)
  2 wizards (D)
  2 orc knights (D)
  5 ironbrand convokers (D)
  2 orb spiders (D)
  2 harpies (D)
  A mana viper (D)
  2 cyclopes (D)
  4 black mambas (D)
  A merfolk siren (D)
  6 elephants (D)
  5 spiny frogs (D)
  2 vault sentinels (D)
  A spiny frog (shapeshifter) (D)
  4 komodo dragons (D)
  2 rime drakes (D)
  4 yaktaurs (D)
  A tengu conjurer (D)
  3 trolls (D)
  A tyrant leech (D)
  A jumping spider (D)
  2 slime creatures (D)
  2 merfolk (D)
  A blink frog (D)
  2 hippogriffs (D)
  A snapping turtle (D)
  3 redbacks (D)
  A tarantella (shapeshifter) (D)
  3 tarantellas (D)
  A wraith (D)
  2 yaks (D)
  2 hungry ghosts (D)
  Grum (D)
  8 orc warriors (D)
  A swamp drake (D)
  3 wolves (D)
  A boggart (D)
  2 ogres (D)
  3 crocodiles (D)
  2 bullfrogs (D)
  A scorpion (D)
  A killer bee (D)
  6 orc priests (D)
  2 orc wizards (D)
  A worker ant (D)
  2 adders (D)
  10 orcs (D)
  2 bat skeletons (D)
  A hobgoblin (D)
  A jackal (D)
  A kobold (D)
  A ball python skeleton (D)
  3 bats (D)
184 creatures vanquished.

Notes
Turn   | Place    | Note
-------+----------+-------------------------------------------
     0 | D        | Baz the Deep Elf Air Elementalist began the quest for the
                  | Orb.
     0 | D        | Reached XP level 1. HP: 10/10 MP: 6/6
    57 | D        | Reached XP level 2. HP: 11/15 MP: 4/8
    67 | D        | Reached XP level 3. HP: 6/19 MP: 0/11
   171 | D        | Learned a level 3 spell: Static Discharge
   175 | D        | Found a roughly hewn altar of Beogh.
   175 | D        | Found a snail-covered altar of Cheibriados.
   175 | D        | Found a shadowy altar of Dithmenos.
   175 | D        | Found a white marble altar of Elyvilon.
   175 | D        | Found a blossoming altar of Fedhas.
   175 | D        | Found an opulent altar of Gozag.
   176 | D        | Found a hazy altar of Hepliaklqana.
   177 | D        | Found a viscous altar of Jiyva.
   178 | D        | Found an ancient bone altar of Kikubaaqudgha.
   179 | D        | Found a corrupted altar of Lugonu.
   180 | D        | Found a burning altar of Makhleb.
   181 | D        | Found a sparkling altar of Nemelex Xobeh.
   182 | D        | Found an iron altar of Okawaru.
   186 | D        | Learned a level 2 spell: Swiftness
   186 | D        | Found a stormy altar of Qazlal.
   187 | D        | Found a sacrificial altar of Ru.
   188 | D        | Found a deep blue altar of Sif Muna.
   189 | D        | Found a bloodstained altar of Trog.
   190 | D        | Found a hide-covered altar of Uskayaw.
   191 | D        | Found a radiant altar of Vehumet.
   192 | D        | Found an ornate altar of the Wu Jian Council.
   193 | D        | Found a shimmering altar of Xom.
   194 | D        | Found a basalt altar of Yredelemnul.
   195 | D        | Found a glowing silver altar of Zin.
   196 | D        | Found a glowing golden altar of the Shining One.
   199 | D        | Became a worshipper of Vehumet
   244 | D        | Noticed a crocodile
   244 | D        | Noticed a wraith
   244 | D        | Noticed a scorpion
   244 | D        | Noticed an orc warrior
   244 | D        | Noticed a killer bee
   248 | D        | Reached skill level 5 in Spellcasting
   248 | D        | Reached skill level 5 in Conjurations
   248 | D        | Reached skill level 5 in Air Magic
   249 | D        | Killed a scorpion
   249 | D        | Reached XP level 4. HP: 20/24 MP: 6/13
   251 | D        | Killed a crocodile
   251 | D        | Reached * piety under Vehumet
   251 | D        | Offered knowledge of Magic Dart by Vehumet.
   251 | D        | Reached XP level 5. HP: 22/28 MP: 4/16
   261 | D        | Killed an orc warrior
   261 | D        | Reached XP level 6. HP: 10/32 MP: 3/19
   262 | D        | Killed a wraith
   262 | D        | Reached ** piety under Vehumet
   262 | D        | Reached skill level 10 in Conjurations
   509 | D        | Learned a level 5 spell: Lightning Bolt
   521 | D        | Noticed a cyclops
   522 | D        | Offered knowledge of Throw Frost by Vehumet.
   524 | D        | Killed a cyclops
   524 | D        | Reached skill level 10 in Spellcasting
   524 | D        | Reached XP level 7. HP: 36/36 MP: 5/22
   524 | D        | Reached *** piety under Vehumet
   698 | D        | Noticed a spiny frog
   698 | D        | Noticed a komodo dragon
   698 | D        | Noticed a komodo dragon
   699 | D        | Reached XP level 8. HP: 41/41 MP: 20/24
   699 | D        | Noticed a rime drake
   700 | D        | Killed a komodo dragon
   700 | D        | Reached **** piety under Vehumet
   700 | D        | Killed a komodo dragon
   700 | D        | Reached skill level 5 in Dodging
   700 | D        | Killed a spiny frog
   700 | D        | Reached XP level 9. HP: 45/45 MP: 22/26
   911 | D        | Noticed a rime drake
   912 | D        | Killed a rime drake
   912 | D        | Offered knowledge of Conjure Flame by Vehumet.
   912 | D        | Reached ***** piety under Vehumet
   912 | D        | Reached skill level 1 in Fighting
   914 | D        | Killed a rime drake
   919 | D        | Learned a level 3 spell: Conjure Flame
   976 | D        | Noticed a spiny frog
   976 | D        | Noticed a spiny frog
   977 | D        | Killed a spiny frog
   977 | D        | Offered knowledge of Olgreb's Toxic Radiance by Vehumet.
   977 | D        | Reached skill level 1 in Fire Magic
   978 | D        | Killed a spiny frog
   978 | D        | Noticed a komodo dragon
   979 | D        | Reached skill level 15 in Conjurations
   980 | D        | Noticed a spiny frog
   981 | D        | Reached XP level 10. HP: 56/56 MP: 13/29
  1107 | D        | Killed a spiny frog
  1107 | D        | Reached ****** piety under Vehumet
  1107 | D        | Reached skill level 5 in Fire Magic
  1246 | D        | Noticed a dire elephant
  1246 | D        | Noticed an elephant
  1246 | D        | Noticed an elephant
  1246 | D        | Noticed a dire elephant
  1246 | D        | Noticed an elephant
  1246 | D        | Noticed an elephant
  1248 | D        | Killed an elephant
  1248 | D        | Offered knowledge of Mephitic Cloud by Vehumet.
  1249 | D        | Killed an elephant
  1249 | D        | Reached skill level 5 in Fighting
  1249 | D        | Killed a dire elephant
  1249 | D        | Killed an elephant
  1250 | D        | Killed a dire elephant
  1250 | D        | Killed an elephant
  1250 | D        | Noticed an elephant
  1251 | D        | Noticed an elephant
  1255 | D        | Killed an elephant
  1255 | D        | Reached XP level 11. HP: 62/66 MP: 17/31
  1255 | D        | Reached skill level 15 in Spellcasting
  1362 | D        | Noticed Erica
  1363 | D        | Killed Erica
  1396 | D        | Noticed Urug
  1400 | D        | Killed Urug
  1400 | D        | Offered knowledge of Venom Bolt by Vehumet.
  1403 | D        | Noticed Grum
  1407 | D        | Killed Grum
  1546 | D        | Offered knowledge of Fireball by Vehumet.
  1551 | D        | Noticed an ettin
  1553 | D        | Killed an ettin
  1768 | D        | Learned a level 5 spell: Fireball
  1770 | D        | Noticed an orc knight
  1771 | D        | Offered knowledge of Orb of Destruction by Vehumet.
  1774 | D        | Killed an orc knight
  1790 | D        | Learned a level 7 spell: Orb of Destruction
  1888 | D        | Found Kaniuggu's Distillery.
  1888 | D        | Noticed a stone giant
  1888 | D        | Noticed a deep troll
  1888 | D        | Noticed an ogre mage
  1888 | D        | Noticed an ogre mage
  1888 | D        | Noticed a deep troll
  1890 | D        | Killed a deep troll
  1890 | D        | Reached skill level 10 in Fire Magic
  1890 | D        | Killed an ogre mage
  1890 | D        | Offered knowledge of Ozocubu's Refrigeration by Vehumet.
  1891 | D        | Killed an ogre mage
  1892 | D        | Noticed a stone giant
  1893 | D        | Killed a stone giant
  1893 | D        | Killed a deep troll
  2243 | D        | Noticed an ogre mage
  2245 | D        | Killed an ogre mage
  2245 | D        | Reached XP level 12. HP: 76/76 MP: 24/35
  2405 | D        | Killed a stone giant
  2577 | D        | Found Uxiacheyni's Food Shop.
  2578 | D        | Noticed an ogre mage
  2580 | D        | Killed an ogre mage
  2597 | D        | Found Keizu's Book Boutique.
  2638 | D        | Found Nounkac's Distillery.
  2649 | D        | Bought a book of the Sky for 780 gold pieces
  2656 | D        | Learned a level 6 spell: Deflect Missiles
  2722 | D        | Bought a potion of resistance for 100 gold pieces
  2741 | D        | Bought a book of Minor Magic for 240 gold pieces
  2744 | D        | Learned a level 2 spell: Blink
  2804 | D        | Noticed Sonja
  2806 | D        | Killed Sonja
  2968 | D        | Noticed a two-headed ogre
  2968 | D        | Noticed a five-headed hydra
  2969 | D        | Killed a two-headed ogre
  2969 | D        | Offered knowledge of Poison Arrow by Vehumet.
  2969 | D        | Reached skill level 10 in Fighting
  2974 | D        | Killed a five-headed hydra
  2976 | D        | Reached skill level 5 in Charms
  2982 | D        | Noticed an ettin
  2984 | D        | Killed an ettin
  2984 | D        | Noticed an ice dragon
  3226 | D        | Learned a level 6 spell: Poison Arrow
  3236 | D        | Noticed an ettin
  3238 | D        | Killed an ettin
  3238 | D        | Offered knowledge of Bolt of Fire by Vehumet.
  3239 | D        | Killed an ice dragon
  3246 | D        | Noticed a stone giant
  3247 | D        | Noticed a deep troll earth mage
  3250 | D        | Killed a deep troll earth mage
  3250 | D        | Reached skill level 15 in Air Magic
  3250 | D        | HP: 2/79 [stone giant/large rock (38)]
  3251 | D        | Killed a stone giant
  3596 | D        | Noticed a stone giant
  3600 | D        | Killed a stone giant
  3600 | D        | Reached XP level 13. HP: 84/84 MP: 27/37
  3704 | D        | Learned a level 6 spell: Bolt of Fire
  3784 | D        | Offered knowledge of Freezing Cloud by Vehumet.
  3828 | D        | Learned a level 6 spell: Freezing Cloud
  3931 | D        | Offered knowledge of Lehudib's Crystal Spear by Vehumet.
  3931 | D        | Offered knowledge of Fire Storm by Vehumet.
  3931 | D        | Offered knowledge of Ignition by Vehumet.
  4654 | D        | Noticed a nagaraja
  4657 | D        | Killed a nagaraja
  4734 | D        | Noticed a thorn hunter
  4739 | D        | Killed a thorn hunter
  4739 | D        | Reached skill level 15 in Fire Magic
  4908 | D        | Noticed Frances
  4920 | D        | Killed Frances
  5084 | D        | Noticed a frost giant
  5084 | D        | Noticed a stone giant
  5085 | D        | Noticed a storm dragon
  5087 | D        | Killed a stone giant
  5090 | D        | Killed a frost giant
  5090 | D        | Reached XP level 14. HP: 94/94 MP: 26/41
  5135 | D        | Noticed a fire giant
  5428 | D        | Noticed a vampire knight
  5432 | D        | Killed a vampire knight
  5433 | D        | Killed a storm dragon
  5435 | D        | Killed a fire giant
  5572 | D        | Noticed a stone giant
  5575 | D        | Killed a stone giant
  5710 | D        | Noticed an ironheart preserver
  5715 | D        | Killed an ironheart preserver
  5762 | D        | Noticed a stone giant
  5765 | D        | Killed a stone giant
  5765 | D        | Reached skill level 15 in Fighting
  6295 | D        | Learned a level 9 spell: Fire Storm
  6306 | D        | Noticed Mara
  6314 | D        | Noticed Mennas
  6315 | D        | Noticed Baz's illusion
  6315 | D        | Killed Mara
  6315 | D        | Reached XP level 15. HP: 40/104 MP: 20/43
  6325 | D        | HP: 2/104 [Mennas/+3 trishula of holy wrath (21)]
  6325 | D        | Slain by Mennas

Skill      XL: |  1  2  3  4  5  6  7  8  9 10 11 12 13 14 |
---------------+-------------------------------------------+-----
Conjurations   | 2 4 6 7 9 11 12 13 15 17 19 20 22 | 22.0
Air Magic      | 4 6 7 8 11 12 13 15 16 | 16.0
Spellcasting   | 4 5 6 8 10 11 13 14 17 18 21 22 | 22.3
Dodging        | 5 |  5.7
Fighting       | 4 6 9 10 13 15 | 15.9
Fire Magic     | 4 7 11 12 17 21 | 21.4
Charms         | 8 |  8.4
Stealth        | |  2.4

Action                   |  1- 3 |  4- 6 |  7- 9 | 10-12 | 13-15 || total
-------------------------+-------+-------+-------+-------+-------++-------
Melee: Unarmed           |     1 |       |       |       |       ||     1
 Cast: Shock             |    15 |     6 |       |     1 |     4 ||    26
       Lightning Bolt    |       |     2 |    10 |    76 |    38 ||   126
       Static Discharge  |       |     2 |       |    10 |       ||    12
       Swiftness         |       |       |       |     3 |     1 ||     4
       Deflect Missiles  |       |       |       |     2 |       ||     2
       Poison Arrow      |       |       |       |     1 |    20 ||    21
       Bolt of Fire      |       |       |       |       |    37 ||    37
       Freezing Cloud    |       |       |       |       |     7 ||     7
  Use: Potion            |     3 |     1 |       |     1 |     3 ||     8
       Scroll            |       |       |       |     1 |     3 ||     4
  Eat: Chunk             |       |       |       |     6 |       ||     6
       Ration            |       |       |       |     1 |     2 ||     3
Armor: Robe              |     2 |       |       |     4 |     3 ||     9
Dodge: Dodged            |    12 |     7 |       |    19 |    21 ||    59
       Deflected         |       |       |       |     4 |    24 ||    28
